 Dungeon Crawl Stone Soup version 0.19.3-4-gbf9329e (console) character file.

753 Grinner the Basher (level 7, -10/70 HPs)
             Began as an Ogre Monk on Jan 30, 2017.
             Splashed by Pikel's acid (11 damage)
             ... on level 5 of the Dungeon.
             The game lasted 00:12:25 (4231 turns).

Grinner the Basher (Ogre Monk)                      Turns: 4231, Time: 00:12:25

Health: -10/70     AC:  4    Str: 19    XL:     7   Next: 78%
Magic:  7/7        EV: 12    Int:  9    God:
Gold:   160        SH:  0    Dex: 12    Spells: 0 memorised, 6 levels left

rFire  . . .     SeeInvis .     a - +3 flail
rCold  . . .     Gourm    .     t - +0 robe
rNeg   . . .     Faith    .     (no shield)
rPois  .         Spirit   .     (helmet restricted)
rElec  .         Reflect  .     v - +0 cloak
rCorr  .         Harm     .     (gloves unavailable)
MR     .....                    (boots unavailable)
Stlth  ++........               l - amulet of rage
                                (no ring)
                                (no ring)

@: no status effects
A: unfitting armour, tough skin 1
a: Evoke Berserk Rage


You were on level 5 of the Dungeon.
You were not hungry.

You visited 1 branch of the dungeon, and saw 5 of its levels.

You collected 232 gold pieces.
You spent 72 gold pieces at shops.

Inventory:

Hand Weapons
 a - a +3 flail (weapon)
 b - a +1 mace of draining
 y - a +1 whip of distortion
Armour
 t - a +0 robe (worn)
 v - a +0 cloak (worn)
Jewellery
 l - an amulet of rage (around neck)
 p - an uncursed amulet of the gourmand
Scrolls
 g - a scroll of remove curse
 h - a scroll of immolation {unknown}
 m - a scroll of noise {unknown}
 o - 3 scrolls of identify
 q - a scroll of enchant armour {unknown}
 r - a scroll of enchant weapon {unknown}
 s - 3 scrolls of fog
Potions
 d - 2 potions of haste
 n - a potion of agility {unknown}
 u - a potion of lignification {unknown}
 w - a potion of curing
 x - 2 potions of brilliance {unknown}
Comestibles
 c - 3 bread rations
 f - a chunk of flesh
 i - a meat ration
 j - 3 fruits
 k - a beef jerky


   Skills:
 - Level 4.0 Fighting
 * Level 9.7 Maces & Flails
 + Level 5.2 Dodging
 - Level 1.4 Stealth


You had 6 spell levels left.
You didn't know any spells.

Dungeon Overview and Level Annotations

Branches:
Dungeon (5/15)
 Temple: D:4-7

Altars:
Ashenzari
Makhleb
Nemelex Xobeh
Yredelemnul

Shops:
D:4 :*

Annotations:
D:5 Pikel


Innate Abilities, Weirdness & Mutations

You are too large for most types of armour.
You have tough skin. (AC +1)


Message History

Throwing (i - inventory):
e - 2 poisoned tomahawks (quivered)
Press: ? - help, Shift-Dir - straight line, f/p - Pikel
Aim: Pikel, wielding a whip of flaming and wearing a robe (moderately wounded, poisoned)
You throw a poisoned tomahawk. The poisoned tomahawk hits the slave.
The slave looks as sick as possible!
The slave is moderately wounded.
The slave hits you.
Throwing (i - inventory):
e - a poisoned tomahawk (quivered)
Press: ? - help, Shift-Dir - straight line, f/p - Pikel
Aim: Pikel, wielding a whip of flaming and wearing a robe (heavily wounded, poisoned)
You throw a poisoned tomahawk.
The poisoned tomahawk hits Pikel but does no damage.
Pikel is heavily wounded.
Pikel hits you with a whip of flaming. Pikel burns you.
Pikel zaps a wand.
The bolt of acid hits you!
You are splashed with acid!
The acid burns!
It is a wand of acid.
Pikel zaps a wand.
The bolt of acid hits you!
* * * LOW HITPOINT WARNING * * *
You are splashed with acid!
The acid burns!
You die...

.....#### #...########
<##.....#####...........
###......... ...........
......#.### #..........
..##....######..........
.......)).).............
.#......######..........
. .....##.#
#.....#########..(.
.......##
##....@..Kpppp..p..
####.##
##...#######...... ..#
##### ##... ## .


You could see Pikel and 4 slaves.

Vanquished Creatures
  2 water moccasins (D:4)
  2 scorpions
  4 wights (D:3)
  An orc priest (D:3)
  An orc wizard (D:5)
  2 worker ants
  Robin (D:3)
  3 gnolls (D:2)
  2 adders
  An ooze (D:3)
  2 worms
  4 dart slugs
  A leopard gecko (D:1)
  13 orcs
  2 ball pythons
  6 bats
  A giant cockroach (D:3)
  11 goblins
  16 hobgoblins
  7 jackals
  A quokka (D:2)
  5 frilled lizards
  7 kobolds
  6 rats
101 creatures vanquished.

Vanquished Creatures (others)
  A giant cockroach (D:3)
1 creature vanquished.

Grand Total: 102 creatures vanquished

Notes
Turn   | Place    | Note
-------+----------+-------------------------------------------
     0 | D:1      | Grinner the Ogre Monk began the quest for the Orb.
     0 | D:1      | Reached XP level 1. HP: 24/24 MP: 1/1
   118 | D:1      | Reached XP level 2. HP: 18/32 MP: 2/2
  1322 | D:2      | Reached XP level 3. HP: 39/39 MP: 3/3
  1445 | D:2      | Reached skill level 5 in Maces & Flails
  1485 | D:2      | Reached XP level 4. HP: 42/48 MP: 4/4
  2310 | D:3      | Found a shattered altar of Ashenzari.
  2394 | D:3      | Found a burning altar of Makhleb.
  2398 | D:3      | Found a basalt altar of Yredelemnul.
  2405 | D:3      | Reached skill level 6 in Maces & Flails
  2411 | D:3      | Reached XP level 5. HP: 54/54 MP: 5/5
  2459 | D:3      | Reached skill level 7 in Maces & Flails
  2570 | D:3      | Reached XP level 6. HP: 62/62 MP: 6/6
  2767 | D:3      | Noticed Robin
  2785 | D:3      | Killed Robin
  2850 | D:3      | Found a sparkling altar of Nemelex Xobeh.
  2854 | D:3      | Reached skill level 8 in Maces & Flails
  3395 | D:4      | Found Joxetott's Serpentskin Sales.
  3395 | D:4      | Noticed a water moccasin
  3395 | D:4      | Noticed a water moccasin
  3399 | D:4      | Killed a water moccasin
  3399 | D:4      | Reached XP level 7. HP: 70/70 MP: 7/7
  3407 | D:4      | Reached skill level 9 in Maces & Flails
  3412 | D:4      | Bought 4 poisoned tomahawks for 48 gold pieces
  3412 | D:4      | Bought 2 poisoned tomahawks for 24 gold pieces
  3450 | D:4      | Reached skill level 5 in Dodging
  3575 | D:4      | Found Kuolih's Book Emporium.
  4152 | D:5      | Entered Level 5 of the Dungeon
  4221 | D:5      | Noticed Pikel
  4231 | D:5      | HP: 1/70 [Pikel/wand of acid (25)]
  4231 | D:5      | Splashed by Pikel's acid

Skill      XL: |  1  2  3  4  5  6  7 |
---------------+----------------------+-----
Dodging        | 3 4 5 |  5.2
Maces & Flails | 5 6 7 8 9 |  9.7
Fighting       | |  4.0
Stealth        | |  1.4

Action                   |  1- 3 |  4- 6 |  7- 9 || total
-------------------------+-------+-------+-------++-------
Melee: Mace              |    84 |    69 |       ||   153
       Flail             |       |    81 |    52 ||   133
Throw: Tomahawk          |       |       |     6 ||     6
 Abil: Evoke Berserk Rag |       |     2 |       ||     2
  Use: Scroll            |     4 |       |       ||     4
       Potion            |       |     4 |       ||     4
 Stab: Sleeping          |     3 |     4 |       ||     7
  Eat: Chunk             |     2 |     7 |     3 ||    12
       Royal jelly       |       |     1 |       ||     1
Armor: Robe              |    28 |    48 |    16 ||    92
Dodge: Dodged            |    57 |    95 |    32 ||   184
